 Dungeon Crawl Stone Soup version 0.19.4-12-gccf7e64 (webtiles) character file.

32741 vatarom the Martial Artist (level 13, -2/114 HPs)
             Began as an Octopode Transmuter on Feb 26, 2017.
             Was an Initiate of Gozag.
             Slain by a komodo dragon (6 damage)
             ... on level 6 of the Lair of Beasts.
             The game lasted 00:38:24 (19890 turns).

vatarom the Martial Artist (Octopode Transmuter)   Turns: 19890, Time: 00:38:25

Health: -2/114     AC:  6    Str: 10    XL:     13   Next: 66%
Magic:  20/22      EV: 20    Int: 15    God:    Gozag
Gold:   363        SH:  0    Dex: 20    Spells: 5 memorised, 9 levels left

rFire  x . .     SeeInvis +       - Unarmed
rCold  + + +     Gourm    .     (shield currently unavailable)
rNeg   + . .     Faith    .     (helmet currently unavailable)
rPois  +         Spirit   .     (no amulet)
rElec  .         Reflect  .     n - ring of poison resistance
rCorr  .         Harm     .     e - ring of see invisible
MR     +....                    o - ring of protection from cold
Stlth  ++........               x - +3 ring of evasion
                                J - ring of positive energy
                                K - ring of protection from magic
                                d - ring of protection from cold
                                N - +3 ring of dexterity

@: ice-form, gold aura, very slightly contaminated
A: almost no armour, stealthy swim, amphibious, 8 rings, (constrict 8),
(camouflage 0), (gelatinous body 0)
a: End Transformation, Potion Petition, Call Merchant, Bribe Branch, Renounce
Religion


You were on level 6 of the Lair of Beasts.
You worshipped Gozag.
Gozag was aware of your devotion.
You were not hungry.
You were a creature of crystalline ice.
You visited 3 branches of the dungeon, and saw 17 of its levels.

You collected 3476 gold pieces.
You spent 78 gold pieces at shops.
You paid 3035 gold pieces to Gozag.

Inventory:

Hand Weapons
 t - the +2 trident of Skirmishing {freeze, Int+8}
   (You found it on level 6 of the Dungeon)

   It has been specially enchanted to freeze those struck by it, causing extra
   injury to most foes and up to half again as much damage against particularly
   susceptible opponents.
   It can also slow down cold-blooded creatures.
   It affects your intelligence (+8).
Missiles
 a - 169 arrows
Armour
 y - a +2 hat of magic resistance (melded)
Jewellery
 d - a ring of protection from cold (on tentacle)
 e - a ring of see invisible (right front paw)
 n - a ring of poison resistance (left front paw)
 o - a ring of protection from cold (on tentacle)
 x - a +3 ring of evasion (on tentacle)
 J - a ring of positive energy (on tentacle)
 K - a ring of protection from magic (on tentacle)
 N - a +3 ring of dexterity (on tentacle)
Wands
 g - a wand of enslavement (12/24)
 v - a wand of flame (22/48)
 E - a wand of teleportation (5/9)
 F - a wand of lightning (12/15)
 M - a wand of random effects (18/48)
Scrolls
 c - a scroll of magic mapping
 f - 11 scrolls of identify
 i - 2 scrolls of fog
 k - a scroll of recharging
 l - 3 scrolls of amnesia
 m - 3 scrolls of remove curse
 r - 4 scrolls of enchant armour
 B - a scroll of teleportation
 I - 3 scrolls of fear
Potions
 j - 3 potions of agility
 p - 2 potions of magic
 q - 2 potions of lignification
 z - a potion of might
 A - a potion of haste
 C - 2 potions of flight
 L - a potion of brilliance
Books
 b - a book of Changes

   Spells                             Type                      Level
   a - Beastly Appendage              Transmutation                1
   b - Sticks to Snakes               Transmutation                2
   c - Spider Form                    Transmutation/Poison         3
   d - Ice Form                       Ice/Transmutation            4
   e - Blade Hands                    Transmutation                5
 H - a book of Enchantments

   Spells                             Type                      Level
   a - Cause Fear                     Hexes                        4
   b - Yara's Violent Unravelling     Hexes/Transmutation          5
   c - Silence                        Hexes/Air                    5
   d - Deflect Missiles               Charms/Air                   6
   e - Discord                        Hexes                        8
Comestibles
 u - 2 slices of pizza
 w - 16 fruits
 G - 5 meat rations


   Skills:
 - Level 11.1 Fighting
 - Level 5.0 Throwing
 - Level 9.4 Dodging
 + Level 12.6 Unarmed Combat
 - Level 6.4 Spellcasting
 + Level 10.8 Transmutations


You had 9 spell levels left.
You knew the following spells:

 Your Spells              Type           Power        Failure   Level  Hunger
a - Beastly Appendage     Tmut           #####.       1%          1    None
b - Sticks to Snakes      Tmut           #####...     1%          2    #......
c - Spider Form           Tmut/Pois      ###.......   4%          3    ##.....
d - Ice Form              Ice/Tmut       ###.....     17%         4    ####...
e - Blade Hands           Tmut           #####.....   6%          5    ######.


Dungeon Overview and Level Annotations

Branches:
Dungeon (10/15)            Temple (1/1) D:4            Lair (6/6) D:9
 Shoals (0/4) Lair:4        Snake (0/4) Lair:2
  Slime: Lair:5-6       Orc: D:9-12

Altars:
Ashenzari
Cheibriados
Dithmenos
Elyvilon
Fedhas
Gozag
Hepliaklqana
Kikubaaqudgha
Makhleb
Nemelex Xobeh
Okawaru
Qazlal
Ru
Sif Muna
Trog
Uskayaw
Vehumet
Xom
Zin
The Shining One

Shops:
D:5 ![?[   Lair:1 *   Lair:5 %


Innate Abilities, Weirdness & Mutations

You cannot wear most types of armour.
You are very stealthy in the water. (Stealth+)
You are amphibious.
You can wear up to eight rings at the same time.
((You can use your tentacles to constrict eight enemies at once.))
((Your skin changes colour to match your surroundings (Stealth+).))
((Your rubbery body absorbs attacks. (AC +1, EV +1)))


Message History

As you read the scroll of blinking, it crumbles to dust.
A komodo dragon and a hippogriff come into view.
A black mamba comes into view.
As you read the scroll of fear, it crumbles to dust.
You assume a fearsome visage.
The wolf spider looks frightened!
The spiny frog looks frightened!
The hippogriff looks frightened!
The hippogriff screeches!
The komodo dragon resists with some effort.
The black mamba looks frightened!
The black mamba hisses angrily.
The black mamba moves out of view.
A spriggan rider comes into view. It is wielding a spear.
The spriggan rider shouts!
A spiny frog comes into view.
The komodo dragon hisses angrily.
A hippogriff comes into view.
The hippogriff screeches!
The spiny frog croaks.
The komodo dragon bites you.
You die...
Your body crumbles into a pile of gold.

# ###..P...##.##.##.....#..... .
##.......##..P.###........... ..
#......................<......
..##.............................
..S###....P......................
#....###.........................
..##.§.###..............P....#.##
# ##$.s.###...l........#..#.#..#
##.....#....Y.......#.#....#.
##...s.S............#......#
##...P....i..............## $
##.PP..............#.....#
##...............#.......
#).........F.... ##....#
..............H.
.......♣....P♣...
.....%.♣......♣.


You could see a spriggan rider, a wolf spider (wandering), a komodo dragon, a
hippogriff, a black mamba and a spiny frog.

Vanquished Creatures
  7 hydras
  A queen ant (Lair:1)
  Pikel (D:4)
  2 lindwurms (Lair:5)
  A siren (Lair:4)
  10 elephants
  9 spiny frogs
  3 rime drakes
  A hornet (Lair:6)
  4 polar bears
  3 hippogriffs
  Grinder (D:4)
  17 blink frogs
  2 wyverns (Lair:6)
  Sigmund (D:6)
  A redback (Lair:6)
  18 yaks
  4 basilisks
  Eustachio (D:6)
  A hungry ghost (D:7)
  Edmund (D:4)
  Menkaure (D:6)
  4 nagas (Lair:2)
  11 water moccasins
  20 soldier ants
  5 porcupines
  An ice beast (D:8)
  3 orc warriors
  A slave (D:4)
  3 ogres
  A sky beast (D:6)
  An eye of draining (D:10)
  3 phantoms
  5 centaurs
  10 crocodiles
  10 bullfrogs
  A water moccasin zombie (D:5)
  A water moccasin skeleton (D:10)
  3 killer bees (D:8)
  3 scorpions
  5 wights
  3 howler monkeys (D:8)
  A centaur zombie (D:7)
  2 crimson imps
  A quasit (D:7)
  5 hounds
  4 orc priests
  A bullfrog skeleton (D:8)
  Ijyb (D:2)
  3 iguanas
  7 orc wizards
  27 worker ants
  3 gnolls (D:2)
  A howler monkey skeleton (D:9)
  A river rat (Lair:6)
  10 adders
  3 shadow imps
  2 oozes
  An adder skeleton (D:4)
  2 adder zombies
  3 worms
  2 dart slugs
  6 leopard geckos
  33 orcs
  4 giant cockroaches
  7 hobgoblins
  5 kobolds
  4 quokkas
  A ball python (D:1)
  3 bats
  4 frilled lizards
  6 goblins
  A leopard gecko zombie (D:7)
  A quokka zombie (D:6)
  6 rats
  2 butterflies (Lair:1)
  A fungus (Lair:5)
348 creatures vanquished.

Vanquished Creatures (collateral kills)
  A hydra (Lair:5)
  A two-headed ogre (D:9)
  A yak (Lair:3)
  An orc warrior (D:6)
  The ghost of Lostpass the Sneak, an amateur DEAs (D:3)
  A shadow imp (D:3)
  A bat (D:3)
  A plant (Lair:2)
8 creatures vanquished.

Vanquished Creatures (others)
  An orc (D:3)
  17 fungi
  9 plants
27 creatures vanquished.

Grand Total: 383 creatures vanquished

Notes
Turn   | Place    | Note
-------+----------+-------------------------------------------
     0 | D:1      | vatarom the Octopode Transmuter began the quest for the Orb.
     0 | D:1      | Reached XP level 1. HP: 13/13 MP: 3/3
   371 | D:1      | Reached XP level 2. HP: 8/18 MP: 3/5
   716 | D:1      | Reached skill level 5 in Fighting
   716 | D:1      | Reached skill level 5 in Unarmed Combat
   716 | D:1      | Reached XP level 3. HP: 30/30 MP: 6/6
   720 | D:1      | Learned a level 2 spell: Sticks to Snakes
   724 | D:1      | Learned a level 3 spell: Spider Form
  1335 | D:2      | Reached XP level 4. HP: 30/36 MP: 7/7
  1348 | D:2      | Gained mutation: Your body sometimes deteriorates upon taking damage. [potion of mutation]
  1348 | D:2      | Gained mutation: You are occasionally teleported next to monsters. [potion of mutation]
  1348 | D:2      | Gained mutation: You are robust. (+10% HP) [potion of mutation]
  1382 | D:2      | Gained mutation: You are partially covered in slimy green scales. (AC +2) [potion of mutation]
  1382 | D:2      | Gained mutation: You are agile. (Dex +2) [potion of mutation]
  1382 | D:2      | Gained mutation: You are partially covered in yellow scales. (AC +2) [potion of mutation]
  1572 | D:2      | Noticed Ijyb
  1579 | D:2      | Killed Ijyb
  1579 | D:2      | Reached XP level 5. HP: 45/45 MP: 8/8
  1655 | D:2      | Found a white marble altar of Elyvilon.
  1655 | D:2      | Found an ancient bone altar of Kikubaaqudgha.
  1712 | D:2      | Found a faded altar of an unknown god.
  2167 | D:3      | Noticed Lostpass's ghost (amateur DEAs)
  2177 | D:3      | Killed Lostpass's ghost
  2177 | D:3      | Reached XP level 6. HP: 46/50 MP: 3/9
  2335 | D:3      | Found a radiant altar of Vehumet.
  2336 | D:3      | Found a blossoming altar of Fedhas.
  2794 | D:4      | Noticed Edmund
  2826 | D:4      | Killed Edmund
  2826 | D:4      | Reached skill level 6 in Unarmed Combat
  2896 | D:4      | Found a staircase to the Ecumenical Temple.
  2906 | Temple   | Entered the Ecumenical Temple
  3189 | Temple   | Became a worshipper of Gozag Ym Sagoz the Greedy
  3303 | D:4      | Reached XP level 7. HP: 50/56 MP: 10/10
  3320 | D:4      | Noticed Grinder
  3331 | D:4      | Paralysed by Grinder for 3 turns
  3340 | D:4      | Killed Grinder
  3390 | D:4      | Found a deep blue altar of Sif Muna.
  3686 | D:4      | Found a hazy altar of Hepliaklqana.
  3688 | D:4      | Noticed Pikel
  3720 | D:4      | Killed Pikel
  3720 | D:4      | Reached skill level 7 in Unarmed Combat
  3720 | D:4      | Reached XP level 8. HP: 35/62 MP: 11/11
  3984 | D:5      | Entered Level 5 of the Dungeon
  4022 | D:5      | Learned a level 4 spell: Ice Form
  4090 | D:5      | Found Lirphy's Magic Scroll Boutique.
  4182 | D:5      | Found Efuadeiq's Distillery.
  4185 | D:5      | Bought a potion of degeneration for 13 gold pieces
  4186 | D:5      | Bought a potion of heal wounds for 65 gold pieces
  4260 | D:5      | Found Vyett's Antique Armour Shop.
  4428 | D:5      | Found Geff's Armour Shoppe.
  4451 | D:5      | Found a sparkling altar of Nemelex Xobeh.
  4592 | D:6      | Noticed Sigmund
  4596 | D:6      | Killed Sigmund
  4792 | D:6      | Reached skill level 8 in Unarmed Combat
  4842 | D:6      | Got a polished trident
  4843 | D:6      | Identified the +2 trident of Skirmishing {freeze, Int+8} (You found it on level 6 of the Dungeon)
  5045 | D:6      | Reached XP level 9. HP: 68/68 MP: 12/12
  5048 | D:6      | Noticed Menkaure
  5052 | D:6      | Noticed Eustachio
  5056 | D:6      | Killed Menkaure
  5071 | D:6      | Killed Eustachio
  6080 | D:7      | Reached skill level 9 in Unarmed Combat
  6941 | D:8      | Found a bloodstained altar of Trog.
  7202 | D:8      | Found a glowing silver altar of Zin.
  7202 | D:8      | Noticed an angel
  7209 | D:8      | Found a shimmering altar of Xom.
  7325 | D:8      | Reached XP level 10. HP: 48/74 MP: 8/13
  7439 | D:8      | Found a shadowy altar of Dithmenos.
  7665 | D:9      | Found a radiant altar of Vehumet.
  7711 | D:9      | Reached skill level 10 in Unarmed Combat
  7711 | D:9      | Reached skill level 10 in Transmutations
  7940 | D:9      | Found a flagged portal.
  7945 | D:9      | Found a staircase to the Lair.
  7945 | D:9      | Noticed an elephant
  8643 | D:9      | Killed an elephant
  8929 | D:9      | Reached skill level 11 in Unarmed Combat
  9340 | D:10     | Entered Level 10 of the Dungeon
  9604 | Lair:1   | Entered Level 1 of the Lair of Beasts
  9804 | Lair:1   | Noticed a four-headed hydra
  9815 | Lair:1   | Killed a four-headed hydra
  9815 | Lair:1   | Reached XP level 11. HP: 79/79 MP: 7/17
  9946 | Lair:1   | Reached skill level 5 in Spellcasting
 10287 | Lair:1   | Lost mutation: You are partially covered in slimy green scales. (AC +2) [potion of cure mutation]
 10287 | Lair:1   | Lost mutation: You are agile. (Dex +2) [potion of cure mutation]
 10287 | Lair:1   | Lost mutation: You are partially covered in yellow scales. (AC +2) [potion of cure mutation]
 10287 | Lair:1   | Lost mutation: You are occasionally teleported next to monsters. [potion of cure mutation]
 10287 | Lair:1   | Lost mutation: Your body sometimes deteriorates upon taking damage. [potion of cure mutation]
 10287 | Lair:1   | Lost mutation: You are robust. (+10% HP) [potion of cure mutation]
 10408 | Lair:1   | Learned a level 5 spell: Blade Hands
 10887 | Lair:1   | Noticed a five-headed hydra
 10897 | Lair:1   | Killed a five-headed hydra
 11624 | Lair:2   | Found a staircase to the Snake Pit.
 11778 | Lair:2   | Reached skill level 5 in Dodging
 12168 | Lair:2   | Noticed a queen ant
 12206 | Lair:1   | Killed a queen ant
 13024 | Lair:2   | Reached XP level 12. HP: 68/81 MP: 17/21
 14223 | Lair:3   | Noticed a six-headed hydra
 14228 | Lair:3   | Killed a six-headed hydra
 15455 | Lair:3   | Reached skill level 1 in Throwing
 15970 | Lair:4   | Found a staircase to the Shoals.
 16200 | Lair:4   | Noticed a six-headed hydra
 16220 | Lair:4   | Killed a six-headed hydra
 16566 | Lair:4   | Noticed a seven-headed hydra
 16576 | Lair:4   | Killed a seven-headed hydra
 16576 | Lair:4   | Reached XP level 13. HP: 36/92 MP: 12/22
 16943 | Lair:4   | Reached skill level 10 in Fighting
 16954 | Lair:4   | Reached skill level 12 in Unarmed Combat
 18492 | Lair:5   | Found a dark tunnel.
 19147 | Lair:5   | Reached skill level 5 in Throwing
 19600 | Lair:6   | Entered Level 6 of the Lair of Beasts
 19884 | Lair:6   | HP: 3/114 [wolf spider (3)]
 19890 | Lair:6   | Slain by a komodo dragon

Skill      XL: |  1  2  3  4  5  6  7  8  9 10 11 12 13 |
---------------+----------------------------------------+-----
Fighting       | 5 7 9 11 | 11.1
Unarmed Combat | 5 6 7 8 9 11 12 | 12.6
Transmutations | 6 7 8 9 10 | 10.8
Dodging        | 3 6 9 |  9.4
Spellcasting   | 4 6 |  6.4
Throwing       | 3 5 |  5.0

Action                   |  1- 3 |  4- 6 |  7- 9 | 10-12 | 13-15 || total
-------------------------+-------+-------+-------+-------+-------++-------
Melee: Unarmed           |    57 |    99 |   259 |   589 |   200 ||  1204
       Constrict         |    16 |    26 |    41 |    48 |    12 ||   143
       Kick              |     5 |     7 |     1 |       |       ||    13
       Tentacles         |    10 |    17 |    45 |    59 |    20 ||   151
       Punch             |     1 |     7 |    13 |    28 |    11 ||    60
 Cast: Beastly Appendage |     4 |     1 |     1 |       |       ||     6
       Sticks to Snakes  |       |     7 |     9 |    24 |     4 ||    44
       Spider Form       |       |     1 |     1 |     6 |       ||     8
       Ice Form          |       |       |     3 |    29 |    15 ||    47
       Blade Hands       |       |       |       |    16 |    10 ||    26
Invok: Call Merchant     |       |       |       |     1 |     1 ||     2
       Potion Petition   |       |       |       |     3 |       ||     3
 Abil: End Transformatio |       |       |       |     2 |     3 ||     5
Evoke: Wand              |       |       |       |     1 |       ||     1
  Use: Potion            |     3 |     6 |     3 |     7 |       ||    19
       Scroll            |     3 |     7 |     7 |    10 |     2 ||    29
 Stab: Sleeping          |     6 |     3 |     6 |     6 |     2 ||    23
       Distracted        |       |     2 |     1 |     7 |     1 ||    11
  Eat: Chunk             |     1 |     2 |       |       |       ||     3
       Bread ration      |       |     2 |       |     6 |     2 ||    10
       Meat ration       |       |       |     6 |     3 |       ||     9
       Beef jerky        |       |       |       |     2 |     2 ||     4
Armor: Skin              |     1 |    24 |    41 |    69 |    20 ||   155
Dodge: Dodged            |    24 |    67 |   187 |   421 |   174 ||   873
